 Dungeon Crawl Stone Soup version 0.21.1-1-g345015f (webtiles) character file.

48 vatarom the Sneak (level 3, -2/28 HPs)
             Began as a Gnoll Wanderer on Apr 7, 2018.
             Slain by a goblin (3 damage)
             ... led by Robin
             ... on level 2 of the Dungeon.
             The game lasted 00:02:08 (1272 turns).

vatarom the Sneak (Gnoll Wanderer)                  Turns: 1272, Time: 00:02:09

Health: -2/28      AC:  2    Str: 11    XL:     3   Next: 72%
Magic:  7/7        EV: 12    Int: 15    God:
Gold:   102        SH:  5    Dex: 17    Spells: 7/7 levels left

rFire    . . .     SeeInvis .   c - +1 short sword
rCold    . . .     Gourm    .   d - +0 buckler
rNeg     . . .     Faith    .   e - +0 robe
rPois    .         Spirit   .   (no helmet)
rElec    .         Reflect  .   (no cloak)
rCorr    .         Harm     .   (no gloves)
MR       .....                  (no boots)
Stlth    +++.......             (no amulet)
HPRegen  0.09/turn              (no ring)
MPRegen  0.10/turn              (no ring)

@: no status effects
A: distributed training, fangs 1, strong nose
a: no special abilities


You were on level 2 of the Dungeon.
You were not hungry.

You visited 1 branch of the dungeon, and saw 2 of its levels.

You collected 102 gold pieces.

Inventory:

Hand Weapons
 a - a +2 dagger
 c - a +1 short sword (weapon)
Armour
 d - a +0 buckler (worn)
 e - a +0 robe (worn)
Scrolls
 b - a scroll of blinking
 g - a scroll of enchant armour {unknown}
 k - a scroll of fear
Potions
 h - a potion of agility {unknown}
 i - a potion of degeneration {unknown}
 j - 2 potions of lignification {unknown}
 l - a potion of curing {unknown}
 m - a potion of mutation {unknown}
Comestibles
 f - 2 rations


   Skills:
 + Level 2.6 Fighting
 + Level 0.9 Short Blades
 + Level 0.9 Long Blades
 + Level 0.9 Axes
 + Level 0.9 Maces & Flails
 + Level 0.9 Polearms
 + Level 0.9 Staves
 + Level 0.9 Slings
 + Level 0.9 Bows
 + Level 0.9 Crossbows
 + Level 0.9 Throwing
 + Level 0.9 Armour
 + Level 0.9 Dodging
 + Level 6.0 Stealth
 + Level 4.5 Shields
 + Level 2.6 Unarmed Combat
 + Level 2.8 Spellcasting
 + Level 0.6 Conjurations
 + Level 0.6 Hexes
 + Level 0.6 Charms
 + Level 2.1 Summonings
 + Level 0.6 Necromancy
 + Level 0.6 Translocations
 + Level 2.1 Transmutations
 + Level 0.6 Fire Magic
 + Level 0.6 Ice Magic
 + Level 0.6 Air Magic
 + Level 0.6 Earth Magic
 + Level 0.6 Poison Magic
 + Level 1.0 Invocations
 + Level 0.9 Evocations


You had 7 spell levels left.
You didn't know any spells.

Dungeon Overview and Level Annotations

Branches:
Dungeon (2/15)

Altars:

Annotations:
D:2 Robin


Innate Abilities, Weirdness & Mutations

Your experience applies equally to all skills.
You have very sharp teeth.
Your uncanny sense of smell can sniff out nearby items.


Message History

Robin hits you but does no damage.
You hear a shout!
You hit Robin.
Robin is moderately wounded.
The goblin hits you.
* * * LOW HITPOINT WARNING * * *
The goblin misses you.
The goblin shoots a stone.
The stone misses you.
The stone hits the goblin.
Robin barely misses you.
Unknown command.
You hit Robin.
Robin is heavily wounded.
You block the goblin's attack. The goblin closely misses you.
The goblin shoots a stone.
The stone hits you.
* * * LOW HITPOINT WARNING * * *
Robin hits you but does no damage.
Unknown command.
You closely miss Robin. You bite Robin, but do no damage.
Robin is heavily wounded.
The goblin hits you.
You die...

############
####..gg....>..
...g..)@g......
####.#######.##
∆


You could see Robin and 3 goblins.

Vanquished Creatures
  2 dart slugs (D:1)
  A giant cockroach (D:1)
  15 goblins
  4 hobgoblins
  2 ball pythons (D:1)
  5 bats (D:1)
  3 frilled lizards (D:1)
  5 kobolds (D:1)
  3 rats (D:1)
40 creatures vanquished.

Vanquished Creatures (others)
  6 toadstools (D:2)
6 creatures vanquished.

Grand Total: 46 creatures vanquished

Notes
Turn   | Place    | Note
-------+----------+-------------------------------------------
     0 | D:1      | vatarom the Gnoll Wanderer began the quest for the Orb.
     0 | D:1      | vatarom set off with: a +2 dagger, a scroll of blinking, a +0 short sword, a +0 buckler, a +0 robe, a ration
     0 | D:1      | Reached XP level 1. HP: 17/17 MP: 4/4
    79 | D:1      | Reached XP level 2. HP: 20/23 MP: 5/5
   476 | D:1      | Reached XP level 3. HP: 19/28 MP: 7/7
   978 | D:1      | Reached skill level 6 in Stealth
  1047 | D:2      | Noticed Robin
  1050 | D:2      | Reached skill level 1 in Invocations
  1271 | D:2      | HP: 1/28 [goblin/stone[Robin] (3)]
  1272 | D:2      | Slain by a goblin

Skill      XL: |  1  2  3 |
---------------+----------+-----
Summonings     | 2 |  2.1
Transmutations | 2 |  2.1
Stealth        | 6 |  6.0
Invocations    | 1 |  1.0
Fighting       | |  2.6
Short Blades   | |  0.9
Long Blades    | |  0.9
Axes           | |  0.9
Maces & Flails | |  0.9
Polearms       | |  0.9
Staves         | |  0.9
Slings         | |  0.9
Bows           | |  0.9
Crossbows      | |  0.9
Throwing       | |  0.9
Armour         | |  0.9
Dodging        | |  0.9
Shields        | |  4.5
Unarmed Combat | |  2.6
Spellcasting   | |  2.8
Conjurations   | |  0.6
Hexes          | |  0.6
Charms         | |  0.6
Necromancy     | |  0.6
Translocations | |  0.6
Fire Magic     | |  0.6
Ice Magic      | |  0.6
Air Magic      | |  0.6
Earth Magic    | |  0.6
Poison Magic   | |  0.6
Evocations     | |  0.9

Action                   || total
-------------------------++-------
Melee: Unarmed           ||   113
       Bite              ||    18
       Short sword       ||    37
  Use: Scroll            ||     2
 Stab: Sleeping          ||    10
  Eat: Ration            ||     1
Armor: Robe              ||    37
Dodge: Dodged            ||    87
Block: Buckler           ||    37
